Atomiques vs Remparts
Created - February 18, 2021 at 21:48
Goals
|
| Atomiques |
1 |
0 |
1 |
0 |
2 |
| Remparts |
0 |
0 |
2 |
1 |
3 |
|
Shots
|
| Atomiques |
9 |
9 |
10 |
0 |
28 |
| Remparts |
13 |
6 |
13 |
2 |
34 |
|
1st period
1. Atomiques , Pontus Aberg 25 (Chase De Leo 7) at 4:39 (PP)
Penalties :
Igor Bobkov (Que) for Slashing (Minor) at 4:35 - Michael McCarron served the penalty, Kirill Kaprizov (STB) for Roughing (Minor) at 11:13, Pontus Aberg (STB) for Roughing (Minor) at 16:01
2nd period
No Goal
Penalties :
Dalton Smith (STB) for Hooking (Minor) at 0:12, Brendan Guhle (STB) for Roughing (Minor) at 3:30, Michael Latta (Que) for Interference (Minor) at 13:00
3rd period
2. Remparts , Kerby Rychel 18 (Jerry D'Amigo 18, Quinton Howden 25) at 5:04
3. Remparts , Tobias Rieder 27 (Niklas Hansson 8, Michael Latta 40) at 6:27
4. Atomiques , Chase De Leo 9 (Pontus Aberg 43, Jeremy Lauzon 21) at 14:50
Penalties :
Dalton Smith (STB) for Roughing (Minor) at 9:10, Viktor Baldayev (Que) for Slashing (Minor) at 15:57
Overtime #1
5. Remparts , Michael Latta 33 (Jonathan Huberdeau 13) at 1:01
Penalties :
No Penalty
Goalie Stats
Alex Nedeljkovic (STB), 31 saves from 34 shots - (0.912), OTL, 16-9-4, 61:01 minutes
Igor Bobkov (Que), 26 saves from 28 shots - (0.929), W, 24-7-1, 61:01 minutes
Players Stats for Atomiques
Player Name G A P +/- PIM S H SB GA TA FO MP PP MP PK MP
------------------------------------------------------------------------------------
Axel Holmstrom 0 0 0 0 0 1 3 0 0 0 3/5 10:04 0:00 0:00
Brendan Guhle 0 0 0 0 2 0 0 0 0 1 0/0 22:57 1:06 3:47
Chase De Leo 1 1 2 0 0 1 1 0 0 0 9/18 18:09 2:25 0:11
Christian Fischer 0 0 0 -1 0 1 2 1 0 0 0/0 18:13 1:37 3:04
Cody Goloubef 0 0 0 -3 0 3 2 2 1 1 0/0 28:44 2:51 6:17
Dalton Smith 0 0 0 -1 4 2 4 0 2 0 0/0 15:08 1:37 0:01
Dylan Strome 0 0 0 -1 0 1 1 0 0 0 7/10 14:50 1:37 0:55
Jeremy Lauzon 0 1 1 0 0 1 0 4 0 0 0/0 24:49 1:09 5:51
Jordan Greenway 0 0 0 0 0 1 1 0 1 0 0/1 9:54 0:00 1:09
Keegan Iverson 0 0 0 0 0 0 1 0 0 0 2/4 7:29 0:00 0:00
Kevin Fiala 0 0 0 0 0 1 1 1 0 0 0/0 14:11 0:00 0:00
Kirill Kaprizov 0 0 0 0 2 3 1 0 0 0 0/0 12:48 0:02 0:56
Max McCormick 0 0 0 0 0 0 1 0 0 0 0/0 4:18 0:00 0:00
Nicolas Aube-Kubel 0 0 0 0 0 5 2 2 1 0 1/2 13:42 0:00 3:04
Oliver Kylington 0 0 0 -1 0 1 0 2 1 0 0/0 20:03 2:56 0:28
Pontus Aberg 1 1 2 -1 2 3 1 1 1 1 8/19 23:46 2:25 4:56
Sean Walker 0 0 0 0 0 0 0 2 0 0 0/0 10:55 0:00 3:27
William Nylander 0 0 0 -1 0 4 1 0 0 0 0/0 24:04 2:25 5:34
Players Stats for Remparts
Player Name G A P +/- PIM S H SB GA TA FO MP PP MP PK MP
------------------------------------------------------------------------------------
Aaron Ekblad 0 0 0 -1 0 2 2 6 0 0 0/0 27:52 5:44 2:28
Jake Virtanen 0 0 0 0 0 3 2 0 0 0 1/1 16:37 4:41 0:00
Jerry D'Amigo 0 1 1 1 0 0 1 1 0 0 1/2 12:13 0:11 0:21
John Draeger 0 0 0 0 0 1 2 1 0 0 0/0 17:57 4:11 1:34
Jonathan Huberdeau 0 1 1 1 0 5 5 0 0 0 1/1 20:55 5:08 1:23
Kerby Rychel 1 0 1 1 0 3 1 0 1 1 0/0 16:25 4:41 0:00
Kyle Platzer 0 0 0 0 0 2 0 0 0 1 0/3 10:49 0:11 0:50
Matt Puempel 0 0 0 0 0 1 1 0 0 0 0/0 10:43 0:00 0:00
Michael Latta 1 1 2 1 2 5 3 1 0 3 17/30 20:18 5:03 1:04
Michael McCarron 0 0 0 0 0 1 1 0 0 0 0/1 9:13 0:00 0:00
Michal Jordan 0 0 0 -1 0 2 2 5 1 1 0/0 25:24 5:44 0:00
Mitchell Heard 0 0 0 0 0 0 3 1 0 0 3/5 10:52 0:00 0:09
Niklas Hansson 0 1 1 3 0 1 1 1 0 0 0/0 17:40 0:00 2:28
Quinton Howden 0 1 1 1 0 4 2 1 0 0 5/15 18:53 4:41 1:59
Roberts Lipsbergs 0 0 0 0 0 0 0 0 0 0 0/0 9:48 0:06 0:01
Tobias Rieder 1 0 1 0 0 4 2 0 0 0 1/1 20:59 5:03 2:17
Viktor Baldayev 0 0 0 0 2 0 0 2 0 0 0/0 11:34 0:00 0:00
William Colbert 0 0 0 3 0 0 1 0 1 1 0/0 21:48 4:11 1:34
3 Stars
1 - Michael Latta (Que)
2 - Niklas Hansson (Que)
3 - Chase De Leo (STB)
Power Play
Atomiques - 1 on 3 Attempt(s) - 33.33%
Remparts - 0 on 5 Attempt(s) - 0.00%
Penalty Kill
Atomiques - 5 on 5 Attempt(s) - 100.00%
- Score 0 goal in Penalty Kill
Remparts - 2 on 3 Attempt(s) - 66.67%
- Score 0 goal in Penalty Kill
Team Stat
Atomiques - Hits : 22 - Faceoff Wins : 30 - Blocked Shots : 15 - Penalty Minutes : 10
Remparts - Hits : 29 - Faceoff Wins : 29 - Blocked Shots : 19 - Penalty Minutes : 6
Official
Referees : Unknown
Linesman : Unknown
Game Notes
Sean Walker is injured at 3:39 of 2nd period (Sprained Right Ankle)
Finance
Level 1 -- Attendance: 1958 (97.90%) -- Ticket Income $58,740
Level 2 -- Attendance: 719 (71.90%) -- Ticket Income $14,380
Total Attendance: 2677 (89.23%)
Total Ticket Income: $73,120
Other Income: $3,656
Total Income: $76,776
Atomiques
5 vs 5 Forward
Center Left Wing Right Wing Time % Phy DF OF
1 Chase De Leo William Nylander Pontus Aberg 40 1 2 2
2 Dylan Strome Dalton Smith Christian Fischer 30 1 2 2
3 Axel Holmstrom Kirill Kaprizov Nicolas Aube-Kubel 20 1 2 2
4 Keegan Iverson Jordan Greenway Kevin Fiala 10 1 2 2
5 vs 5 Defense
Defense Defense Time % Phy DF OF
1 Cody Goloubef Sean Walker 40 1 2 2
2 Jeremy Lauzon Brendan Guhle 30 1 2 2
3 Oliver Kylington Kevin Fiala 20 1 2 2
4 Cody Goloubef Sean Walker 10 1 2 2
PowerPlay Forward
Center Left Wing Right Wing Time % Phy DF OF
1 Chase De Leo William Nylander Pontus Aberg 60 1 2 2
2 Dylan Strome Dalton Smith Christian Fischer 40 1 2 2
PowerPlay Defense
Defense Defense Time % Phy DF OF
1 Cody Goloubef Sean Walker 60 1 2 2
2 Jeremy Lauzon Brendan Guhle 40 1 2 2
Penalty Kill 4 Players Forward
Center Wing Time % Phy DF OF
1 Pontus Aberg William Nylander 60 1 2 2
2 Christian Fischer Nicolas Aube-Kubel 40 1 2 2
Penalty Kill 4 Players Defense
Defense Defense Time % Phy DF OF
1 Cody Goloubef Sean Walker 60 1 2 2
2 Jeremy Lauzon Brendan Guhle 40 1 2 2
Penalty Kill - 3 Players Forward
Forward Time % Phy DF OF
1 Pontus Aberg 60 1 2 2
2 William Nylander 40 1 2 2
Penalty Kill - 3 Players Defense
Defense Defense Time % Phy DF OF
1 Cody Goloubef Sean Walker 60 1 2 2
2 Jeremy Lauzon Brendan Guhle 40 1 2 2
4 vs 4 Forward
Center Wing Time % Phy DF OF
1 Pontus Aberg William Nylander 60 1 2 2
2 Christian Fischer Nicolas Aube-Kubel 40 1 2 2
4 vs 4 Defense
Defense Defense Time % Phy DF OF
1 Cody Goloubef Sean Walker 60 1 2 2
2 Jeremy Lauzon Brendan Guhle 40 1 2 2
Last Minutes Offensive
Center Left Wing Right Wing Defense Defense
Chase De Leo William Nylander Pontus Aberg Cody Goloubef Sean Walker
Last Minutes Defensive
Center Left Wing Right Wing Defense Defense
Chase De Leo William Nylander Pontus Aberg Cody Goloubef Sean Walker
Goaltenders
Starting : Alex Nedeljkovic
Backup : Kaapo Kahkonen
Extra Forwards
Normal : Max McCormick, Kirill Kaprizov, Jordan Greenway - PP : Max McCormick, Kirill Kaprizov - PK : Jordan Greenway
Extra Defensemen
Normal : Oliver Kylington, Jeremy Lauzon, Brendan Guhle - PP : Oliver Kylington - PK : Jeremy Lauzon, Brendan Guhle
Penalty Shots
Pontus Aberg, William Nylander, Christian Fischer, Nicolas Aube-Kubel, Kevin Fiala
Scratches
Oscar Sundqvist (Right Hand Injury), Michael Chaput (Bruised Left Leg Injury), Matt Tennyson (Right Eye Injury)
Remparts
5 vs 5 Forward
Center Left Wing Right Wing Time % Phy DF OF
1 Michael Latta Jonathan Huberdeau Tobias Rieder 40 0 2 3
2 Quinton Howden Kerby Rychel Jerry D'Amigo 30 0 2 3
3 Mitchell Heard Matt Puempel Jake Virtanen 20 0 3 2
4 Kyle Platzer Roberts Lipsbergs Michael McCarron 10 1 2 2
5 vs 5 Defense
Defense Defense Time % Phy DF OF
1 Aaron Ekblad Michal Jordan 40 0 2 3
2 William Colbert Niklas Hansson 30 0 2 3
3 Viktor Baldayev John Draeger 20 1 2 2
4 Aaron Ekblad Michal Jordan 10 0 2 3
PowerPlay Forward
Center Left Wing Right Wing Time % Phy DF OF
1 Michael Latta Jonathan Huberdeau Tobias Rieder 60 0 1 4
2 Quinton Howden Kerby Rychel Jake Virtanen 40 0 1 4
PowerPlay Defense
Defense Defense Time % Phy DF OF
1 Aaron Ekblad Michal Jordan 60 0 2 3
2 John Draeger William Colbert 40 0 2 3
Penalty Kill 4 Players Forward
Center Wing Time % Phy DF OF
1 Michael Latta Tobias Rieder 60 1 3 1
2 Quinton Howden Jerry D'Amigo 40 1 3 1
Penalty Kill 4 Players Defense
Defense Defense Time % Phy DF OF
1 Aaron Ekblad Niklas Hansson 60 1 4 0
2 William Colbert John Draeger 40 1 4 0
Penalty Kill - 3 Players Forward
Forward Time % Phy DF OF
1 Michael Latta 60 1 3 1
2 Tobias Rieder 40 1 3 1
Penalty Kill - 3 Players Defense
Defense Defense Time % Phy DF OF
1 Aaron Ekblad Niklas Hansson 60 1 4 0
2 John Draeger William Colbert 40 1 4 0
4 vs 4 Forward
Center Wing Time % Phy DF OF
1 Michael Latta Jonathan Huberdeau 60 0 2 3
2 Quinton Howden Tobias Rieder 40 0 2 3
4 vs 4 Defense
Defense Defense Time % Phy DF OF
1 Aaron Ekblad Michal Jordan 60 0 2 3
2 William Colbert Niklas Hansson 40 0 2 3
Last Minutes Offensive
Center Left Wing Right Wing Defense Defense
Michael Latta Jonathan Huberdeau Tobias Rieder Aaron Ekblad Michal Jordan
Last Minutes Defensive
Center Left Wing Right Wing Defense Defense
Michael Latta Kerby Rychel Tobias Rieder Aaron Ekblad Niklas Hansson
Goaltenders
Starting : Igor Bobkov
Backup : Garret Sparks
Extra Forwards
Normal : Jake Virtanen, Jonathan Huberdeau, Tobias Rieder - PP : Jake Virtanen, Tobias Rieder - PK : Michael Latta
Extra Defensemen
Normal : Niklas Hansson, Aaron Ekblad, Michal Jordan - PP : Niklas Hansson - PK : John Draeger, Aaron Ekblad
Penalty Shots
Jerry D'Amigo, Jake Virtanen, Jonathan Huberdeau, Quinton Howden, Tobias Rieder
Scratches
Juuso Ikonen (Healthy), Michael Downing (Healthy), Keaton Thompson (Healthy), Connor Honey (Healthy), Griffin Reinhart (Broken Ribs Injury)
Lukas Vejdemo (Healthy), Kyle Capobianco (Healthy), Dmytro Timashov (Healthy), Anton Zlobin (Healthy), Aleksander Barkov (Strained Right Elbow Injury)
Nelson Nogier (Healthy), Jake Walman (Healthy), Marek Langhamer (Healthy)
% Time on Ice - Atomiques
Lines # - Real PCT - Wanted PCT - Time Play
Normal Forward
1 - 35% - 40% - 16:06
2 - 27% - 30% - 12:24
3 - 22% - 20% - 10:04
4 - 16% - 10% - 7:29
Normal Defense
1 - 47% - 40% - 21:36
2 - 27% - 30% - 12:18
3 - 19% - 20% - 8:33
4 - 8% - 10% - 3:36
PP Forward
1 - 60% - 60% - 2:25
2 - 40% - 40% - 1:37
PP Defense
1 - 71% - 60% - 2:53
2 - 29% - 40% - 1:09
PK Forward
1 - 69% - 60% - 6:51
2 - 31% - 40% - 3:04
PK Defense
1 - 68% - 60% - 6:45
2 - 32% - 40% - 3:10
PK3 Forward
1 - 0% - 60%
2 - 0% - 40%
PK3 Defense
1 - 0% - 60%
2 - 0% - 40%
44 Forward
1 - 82% - 60% - 0:50
2 - 18% - 40% - 0:11
44 Defense
1 - 82% - 60% - 0:50
2 - 18% - 40% - 0:11
Last Minute Offensive - 0:00
Last Minute Defensive - 0:00
Total
Forward - 61:01
Defense - 61:01
|
% Time on Ice - Remparts
Lines # - Real PCT - Wanted PCT - Time Play
Normal Forward
1 - 31% - 40% - 14:23
2 - 25% - 30% - 11:44
3 - 23% - 20% - 10:43
4 - 20% - 10% - 9:13
Normal Defense
1 - 38% - 40% - 17:23
2 - 36% - 30% - 16:22
3 - 24% - 20% - 10:50
4 - 3% - 10% - 1:28
PP Forward
1 - 53% - 60% - 5:14
2 - 47% - 40% - 4:41
PP Defense
1 - 58% - 60% - 5:44
2 - 42% - 40% - 4:11
PK Forward
1 - 91% - 60% - 3:41
2 - 9% - 40% - 0:21
PK Defense
1 - 61% - 60% - 2:28
2 - 39% - 40% - 1:34
PK3 Forward
1 - 0% - 60%
2 - 0% - 40%
PK3 Defense
1 - 0% - 60%
2 - 0% - 40%
44 Forward
1 - 69% - 60% - 0:42
2 - 31% - 40% - 0:19
44 Defense
1 - 80% - 60% - 0:49
2 - 20% - 40% - 0:12
Last Minute Offensive - 0:00
Last Minute Defensive - 0:00
Total
Forward - 61:01
Defense - 61:01
|
Play-by-Play
1st period
0:01 of 1st period - Michael Latta wins face-off versus Chase De Leo in neutral zone.
0:08 of 1st period - Slapshot by Cody Goloubef.
0:08 of 1st period - Shot Blocked by Aaron Ekblad.
0:10 of 1st period - Slapshot by Sean Walker.
0:10 of 1st period - Shot Blocked by Aaron Ekblad.
0:53 of 1st period - Matt Puempel is hit by Axel Holmstrom and loses puck.
2:17 of 1st period - Wrist shot by Matt Puempel.
2:17 of 1st period - Stopped by Alex Nedeljkovic with a rebound.
4:35 of 1st period - Slapshot by Dalton Smith.
4:35 of 1st period - Stopped by Igor Bobkov without a rebound.
4:35 of 1st period - Minor Penalty to Igor Bobkov for Slashing.
4:36 of 1st period - Chase De Leo wins face-off versus Michael Latta in Remparts zone.
4:39 of 1st period - Wrist shot by Pontus Aberg.
4:39 of 1st period - Goal by Pontus Aberg - Atomiques : 1 - Remparts : 0.
4:40 of 1st period - Pontus Aberg wins face-off versus Michael Latta in neutral zone.
4:45 of 1st period - Wrist shot by William Nylander.
4:45 of 1st period - Stopped by Igor Bobkov without a rebound.
4:46 of 1st period - Michael Latta wins face-off versus Chase De Leo in Remparts zone.
4:53 of 1st period - Wrist shot by Michael Latta.
4:53 of 1st period - Stopped by Alex Nedeljkovic without a rebound.
4:54 of 1st period - Chase De Leo wins face-off versus Quinton Howden in Atomiques zone.
5:05 of 1st period - Icing by Aaron Ekblad.
5:06 of 1st period - Chase De Leo wins face-off versus Quinton Howden in Remparts zone.
5:27 of 1st period - Wrist shot by Quinton Howden.
5:27 of 1st period - Shot Blocked by Sean Walker.
5:29 of 1st period - Snap shot by Kerby Rychel.
5:29 of 1st period - Stopped by Alex Nedeljkovic with a rebound.
5:31 of 1st period - Snap shot by Aaron Ekblad.
5:31 of 1st period - Stopped by Alex Nedeljkovic without a rebound.
5:32 of 1st period - Dylan Strome wins face-off versus Michael Latta in Atomiques zone.
5:47 of 1st period - Snap shot by Dalton Smith.
5:47 of 1st period - Shot Misses the Net.
6:02 of 1st period - Oliver Kylington is hit by Matt Puempel and loses puck.
6:25 of 1st period - Snap shot by Quinton Howden.
6:25 of 1st period - Stopped by Alex Nedeljkovic with a rebound.
6:34 of 1st period - Icing by Kevin Fiala.
6:35 of 1st period - Axel Holmstrom wins face-off versus Kyle Platzer in Atomiques zone.
7:11 of 1st period - Wrist shot by Tobias Rieder.
7:11 of 1st period - Shot Misses the Net.
7:13 of 1st period - Snap shot by Jonathan Huberdeau.
7:13 of 1st period - Shot Misses the Net.
7:15 of 1st period - Wrist shot by Michael Latta.
7:15 of 1st period - Stopped by Alex Nedeljkovic with a rebound.
7:51 of 1st period - Slapshot by Jake Virtanen.
7:51 of 1st period - Stopped by Alex Nedeljkovic without a rebound.
7:52 of 1st period - Mitchell Heard wins face-off versus Chase De Leo in Atomiques zone.
8:39 of 1st period - Wrist shot by Pontus Aberg.
8:39 of 1st period - Shot Blocked by Aaron Ekblad.
8:41 of 1st period - Snap shot by Pontus Aberg.
8:41 of 1st period - Shot Blocked by Mitchell Heard.
8:43 of 1st period - Slapshot by Brendan Guhle.
8:43 of 1st period - Shot Blocked by Aaron Ekblad.
8:59 of 1st period - Wrist shot by William Nylander.
8:59 of 1st period - Stopped by Igor Bobkov with a rebound.
9:01 of 1st period - Snap shot by William Nylander.
9:01 of 1st period - Stopped by Igor Bobkov with a rebound.
9:03 of 1st period - Wrist shot by Chase De Leo.
9:03 of 1st period - Deflect By William Nylander.
9:03 of 1st period - Shot Blocked by Michal Jordan.
9:03 of 1st period - Puck is out of play.
9:04 of 1st period - Michael Latta wins face-off versus Dylan Strome in Remparts zone.
9:11 of 1st period - Snap shot by Michael Latta.
9:11 of 1st period - Shot Misses the Net.
9:17 of 1st period - Slapshot by Cody Goloubef.
9:17 of 1st period - Shot Blocked by Michael Latta.
9:19 of 1st period - Slapshot by Sean Walker.
9:19 of 1st period - Deflect By Christian Fischer.
9:19 of 1st period - Stopped by Igor Bobkov without a rebound.
9:20 of 1st period - Axel Holmstrom wins face-off versus Quinton Howden in Remparts zone.
9:21 of 1st period - Slapshot by Cody Goloubef.
9:21 of 1st period - Stopped by Igor Bobkov without a rebound.
9:22 of 1st period - Quinton Howden wins face-off versus Axel Holmstrom in Remparts zone.
9:22 of 1st period - Quinton Howden is hit by Axel Holmstrom.
9:34 of 1st period - Snap shot by Kerby Rychel.
9:34 of 1st period - Shot Misses the Net.
9:36 of 1st period - Snap shot by Jerry D'Amigo.
9:36 of 1st period - Shot Hit the Post.
9:38 of 1st period - Snap shot by William Colbert.
9:38 of 1st period - Shot Blocked by Nicolas Aube-Kubel.
10:12 of 1st period - Slapshot by Kevin Fiala.
10:12 of 1st period - Stopped by Igor Bobkov with a rebound.
11:07 of 1st period - Wrist shot by Michael Latta.
11:07 of 1st period - Shot Misses the Net.
11:13 of 1st period - Minor Penalty to Kirill Kaprizov for Roughing.
11:14 of 1st period - Michael Latta wins face-off versus Pontus Aberg in Atomiques zone.
11:47 of 1st period - Snap shot by Kerby Rychel.
11:47 of 1st period - Stopped by Alex Nedeljkovic without a rebound.
11:48 of 1st period - Nicolas Aube-Kubel wins face-off versus Quinton Howden in Atomiques zone.
12:13 of 1st period - Nicolas Aube-Kubel is hit by Jake Virtanen and loses puck.
12:18 of 1st period - Snap shot by Quinton Howden.
12:18 of 1st period - Stopped by Alex Nedeljkovic with a rebound.
12:20 of 1st period - Wrist shot by Aaron Ekblad.
12:20 of 1st period - Deflect By Jake Virtanen.
12:20 of 1st period - Stopped by Alex Nedeljkovic without a rebound.
12:21 of 1st period - Michael Latta wins face-off versus Pontus Aberg in Atomiques zone.
12:46 of 1st period - Kerby Rychel is hit by Christian Fischer and loses puck.
13:13 of 1st period - Penalty to Kirill Kaprizov is over, Kirill Kaprizov is back on ice.
13:23 of 1st period - Jordan Greenway is hit by Michael McCarron and loses puck.
13:42 of 1st period - Wrist shot by Christian Fischer.
13:42 of 1st period - Shot Misses the Net.
13:44 of 1st period - Snap shot by Dylan Strome.
13:44 of 1st period - Shot Misses the Net.
14:20 of 1st period - Sean Walker is hit by Michal Jordan and loses puck.
14:37 of 1st period - William Colbert is hit by Christian Fischer and loses puck.
15:29 of 1st period - Niklas Hansson is hit by Dalton Smith and loses puck.
15:46 of 1st period - Brendan Guhle is hit by Quinton Howden and loses puck.
16:01 of 1st period - Minor Penalty to Pontus Aberg for Roughing.
16:02 of 1st period - Michael Latta wins face-off versus Jordan Greenway in Atomiques zone.
16:10 of 1st period - Snap shot by Michael Latta.
16:10 of 1st period - Shot Blocked by Sean Walker.
16:12 of 1st period - Snap shot by Aaron Ekblad.
16:12 of 1st period - Stopped by Alex Nedeljkovic with a rebound.
16:14 of 1st period - Wrist shot by Michal Jordan.
16:14 of 1st period - Stopped by Alex Nedeljkovic with a rebound.
16:16 of 1st period - Snap shot by Jonathan Huberdeau.
16:16 of 1st period - Shot Misses the Net.
18:01 of 1st period - Penalty to Pontus Aberg is over, Pontus Aberg is back on ice.
18:18 of 1st period - Snap shot by Kirill Kaprizov.
18:18 of 1st period - Stopped by Igor Bobkov without a rebound.
18:19 of 1st period - Keegan Iverson wins face-off versus Kyle Platzer in Remparts zone.
18:20 of 1st period - Slapshot by Oliver Kylington.
18:20 of 1st period - Shot Blocked by Viktor Baldayev.
18:27 of 1st period - Wrist shot by Kyle Platzer.
18:27 of 1st period - Shot Misses the Net.
18:29 of 1st period - Slapshot by John Draeger.
18:29 of 1st period - Shot Misses the Net.
19:53 of 1st period - Slapshot by John Draeger.
19:53 of 1st period - Stopped by Alex Nedeljkovic with a rebound.
Goals for this period are 1 for Atomiques vs 0 for Remparts.
Shots for this period are 9 for Atomiques vs 13 for Remparts.
2nd period
0:01 of 2nd period - Dylan Strome wins face-off versus Michael Latta in neutral zone.
0:08 of 2nd period - Snap shot by Jonathan Huberdeau.
0:08 of 2nd period - Stopped by Alex Nedeljkovic without a rebound.
0:09 of 2nd period - Dylan Strome wins face-off versus Michael Latta in Atomiques zone.
0:09 of 2nd period - Dylan Strome is hit by Jonathan Huberdeau.
0:12 of 2nd period - Minor Penalty to Dalton Smith for Hooking.
0:13 of 2nd period - Pontus Aberg wins face-off versus Michael Latta in Atomiques zone.
0:13 of 2nd period - Pontus Aberg is hit by Michal Jordan.
2:10 of 2nd period - Cody Goloubef is hit by Jerry D'Amigo and loses puck.
2:12 of 2nd period - Penalty to Dalton Smith is over, Dalton Smith is back on ice.
2:55 of 2nd period - Snap shot by Cody Goloubef.
2:55 of 2nd period - Deflect By Michal Jordan.
2:55 of 2nd period - Stopped by Igor Bobkov with a rebound.
2:57 of 2nd period - Slapshot by Sean Walker.
2:57 of 2nd period - Shot Blocked by Michal Jordan.
2:59 of 2nd period - Slapshot by Sean Walker.
2:59 of 2nd period - Shot Blocked by Aaron Ekblad.
3:01 of 2nd period - Snap shot by Dalton Smith.
3:01 of 2nd period - Deflect By Dylan Strome.
3:01 of 2nd period - Stopped by Igor Bobkov without a rebound.
3:02 of 2nd period - Pontus Aberg wins face-off versus Quinton Howden in Remparts zone.
3:09 of 2nd period - Snap shot by William Nylander.
3:09 of 2nd period - Shot Misses the Net.
3:11 of 2nd period - Slapshot by Brendan Guhle.
3:11 of 2nd period - Shot Misses the Net.
3:30 of 2nd period - Minor Penalty to Brendan Guhle for Roughing.
3:31 of 2nd period - Michael Latta wins face-off versus Pontus Aberg in Atomiques zone.
3:38 of 2nd period - Sean Walker is hit by Jonathan Huberdeau and loses puck.
3:39 of 2nd period - Sean Walker from Atomiques is injured at 3:39 of 2nd period (Sprained Right Ankle).
3:40 of 2nd period - Pontus Aberg wins face-off versus Michael Latta in Atomiques zone.
3:40 of 2nd period - Pontus Aberg is hit by Jonathan Huberdeau.
3:56 of 2nd period - Wrist shot by Michael Latta.
3:56 of 2nd period - Stopped by Alex Nedeljkovic without a rebound.
3:57 of 2nd period - Jake Virtanen wins face-off versus Pontus Aberg in Atomiques zone.
3:58 of 2nd period - Snap shot by Quinton Howden.
3:58 of 2nd period - Stopped by Alex Nedeljkovic with a rebound.
4:00 of 2nd period - Wrist shot by Michal Jordan.
4:00 of 2nd period - Deflect By Quinton Howden.
4:00 of 2nd period - Stopped by Alex Nedeljkovic without a rebound.
4:01 of 2nd period - Pontus Aberg wins face-off versus Quinton Howden in Atomiques zone.
4:32 of 2nd period - Slapshot by Aaron Ekblad.
4:32 of 2nd period - Shot Misses the Net.
4:34 of 2nd period - Slapshot by Michal Jordan.
4:34 of 2nd period - Deflect By Quinton Howden.
4:34 of 2nd period - Shot Blocked by Nicolas Aube-Kubel.
4:34 of 2nd period - Puck is out of play.
4:35 of 2nd period - Michael Latta wins face-off versus Pontus Aberg in Atomiques zone.
4:44 of 2nd period - Wrist shot by Michael Latta.
4:44 of 2nd period - Shot Blocked by Cody Goloubef.
4:46 of 2nd period - Snap shot by Michael Latta.
4:46 of 2nd period - Shot Misses the Net.
5:30 of 2nd period - Penalty to Brendan Guhle is over, Brendan Guhle is back on ice.
5:46 of 2nd period - Icing by Kerby Rychel.
5:47 of 2nd period - Chase De Leo wins face-off versus Quinton Howden in Remparts zone.
6:38 of 2nd period - Slapshot by Aaron Ekblad.
6:38 of 2nd period - Shot Blocked by Kevin Fiala.
6:40 of 2nd period - Slapshot by Michal Jordan.
6:40 of 2nd period - Stopped by Alex Nedeljkovic with a rebound.
6:42 of 2nd period - Slapshot by Aaron Ekblad.
6:42 of 2nd period - Shot Misses the Net.
6:57 of 2nd period - Icing by Aaron Ekblad.
6:58 of 2nd period - Michael Latta wins face-off versus Nicolas Aube-Kubel in Remparts zone.
7:46 of 2nd period - Jeremy Lauzon is hit by Mitchell Heard and loses puck.
8:41 of 2nd period - Cody Goloubef is hit by Jonathan Huberdeau and loses puck.
9:21 of 2nd period - John Draeger is hit by Pontus Aberg and loses puck.
9:34 of 2nd period - Jeremy Lauzon is hit by Tobias Rieder and loses puck.
9:49 of 2nd period - Kyle Platzer is hit by Jordan Greenway and loses puck.
10:57 of 2nd period - Kevin Fiala is hit by Michael Latta and loses puck.
11:10 of 2nd period - Kirill Kaprizov is hit by Aaron Ekblad.
11:14 of 2nd period - Michal Jordan is hit by Chase De Leo.
11:32 of 2nd period - Wrist shot by Pontus Aberg.
11:32 of 2nd period - Shot Blocked by Jerry D'Amigo.
11:34 of 2nd period - Snap shot by Dylan Strome.
11:34 of 2nd period - Shot Misses the Net.
11:44 of 2nd period - Viktor Baldayev is hit by Nicolas Aube-Kubel and loses puck.
12:17 of 2nd period - Off-side.
12:18 of 2nd period - Quinton Howden wins face-off versus Axel Holmstrom in neutral zone.
12:25 of 2nd period - Dalton Smith is hit by Kerby Rychel and loses puck.
12:32 of 2nd period - Jerry D'Amigo is hit by Cody Goloubef and loses puck.
12:41 of 2nd period - Wrist shot by Nicolas Aube-Kubel.
12:41 of 2nd period - Shot Blocked by Niklas Hansson.
12:43 of 2nd period - Snap shot by Axel Holmstrom.
12:43 of 2nd period - Stopped by Igor Bobkov with a rebound.
12:49 of 2nd period - Slapshot by Cody Goloubef.
12:49 of 2nd period - Stopped by Igor Bobkov with a rebound.
12:53 of 2nd period - Snap shot by Nicolas Aube-Kubel.
12:53 of 2nd period - Stopped by Igor Bobkov with a rebound.
12:55 of 2nd period - Wrist shot by Nicolas Aube-Kubel.
12:55 of 2nd period - Shot Blocked by Quinton Howden.
12:57 of 2nd period - Snap shot by Nicolas Aube-Kubel.
12:57 of 2nd period - Stopped by Igor Bobkov without a rebound.
12:58 of 2nd period - Michael Latta wins face-off versus Chase De Leo in Remparts zone.
13:00 of 2nd period - Minor Penalty to Michael Latta for Interference.
13:01 of 2nd period - Chase De Leo wins face-off versus Quinton Howden in Remparts zone.
13:01 of 2nd period - Snap shot by Pontus Aberg.
13:01 of 2nd period - Stopped by Igor Bobkov with a rebound.
13:03 of 2nd period - Snap shot by Chase De Leo.
13:03 of 2nd period - Shot Misses the Net.
13:05 of 2nd period - Slapshot by William Nylander.
13:05 of 2nd period - Stopped by Igor Bobkov without a rebound.
13:06 of 2nd period - Quinton Howden wins face-off versus Chase De Leo in Remparts zone.
13:29 of 2nd period - Slapshot by Cody Goloubef.
13:29 of 2nd period - Shot Misses the Net.
13:31 of 2nd period - Slapshot by Cody Goloubef.
13:31 of 2nd period - Deflect By Pontus Aberg.
13:31 of 2nd period - Shot Misses the Net.
13:31 of 2nd period - Puck is out of play.
13:32 of 2nd period - Dylan Strome wins face-off versus Quinton Howden in Remparts zone.
15:00 of 2nd period - Penalty to Michael Latta is over, Michael Latta is back on ice.
15:02 of 2nd period - Pontus Aberg is hit by John Draeger and loses puck.
15:19 of 2nd period - Kirill Kaprizov is hit by John Draeger and loses puck.
15:36 of 2nd period - Kyle Platzer is hit by Keegan Iverson and loses puck.
15:55 of 2nd period - Aaron Ekblad is hit by Dylan Strome and loses puck.
16:24 of 2nd period - Jeremy Lauzon is hit by Mitchell Heard and loses puck.
17:18 of 2nd period - Wrist shot by Jerry D'Amigo.
17:18 of 2nd period - Shot Blocked by Oliver Kylington.
17:41 of 2nd period - Kyle Platzer is hit by Dalton Smith.
17:57 of 2nd period - Slapshot by Jordan Greenway.
17:57 of 2nd period - Stopped by Igor Bobkov with a rebound.
18:01 of 2nd period - Snap shot by Nicolas Aube-Kubel.
18:01 of 2nd period - Shot Misses the Net.
18:49 of 2nd period - Snap shot by Kyle Platzer.
18:49 of 2nd period - Stopped by Alex Nedeljkovic with a rebound.
19:07 of 2nd period - Tobias Rieder is hit by Nicolas Aube-Kubel and loses puck.
Goals for this period are 0 for Atomiques vs 0 for Remparts.
Shots for this period are 9 for Atomiques vs 6 for Remparts.
3rd period
0:01 of 3rd period - Michael Latta wins face-off versus Chase De Leo in neutral zone.
0:10 of 3rd period - Wrist shot by Michael Latta.
0:10 of 3rd period - Shot Misses the Net.
0:15 of 3rd period - Off-side.
0:16 of 3rd period - Jerry D'Amigo wins face-off versus Dylan Strome in neutral zone.
0:19 of 3rd period - Christian Fischer is hit by Aaron Ekblad and loses puck.
0:30 of 3rd period - Slapshot by Jeremy Lauzon.
0:30 of 3rd period - Stopped by Igor Bobkov with a rebound.
0:32 of 3rd period - Wrist shot by Christian Fischer.
0:32 of 3rd period - Shot Misses the Net.
0:46 of 3rd period - Pontus Aberg is hit by Tobias Rieder and loses puck.
1:05 of 3rd period - Wrist shot by Jonathan Huberdeau.
1:05 of 3rd period - Deflect By Jake Virtanen.
1:05 of 3rd period - Stopped by Alex Nedeljkovic without a rebound.
1:06 of 3rd period - Dylan Strome wins face-off versus Mitchell Heard in Atomiques zone.
2:43 of 3rd period - Off-side.
2:44 of 3rd period - Chase De Leo wins face-off versus Mitchell Heard in neutral zone.
2:47 of 3rd period - Snap shot by William Nylander.
2:47 of 3rd period - Shot Misses the Net.
2:49 of 3rd period - Slapshot by Oliver Kylington.
2:49 of 3rd period - Stopped by Igor Bobkov with a rebound.
2:51 of 3rd period - Slapshot by Oliver Kylington.
2:51 of 3rd period - Shot Blocked by Michal Jordan.
2:53 of 3rd period - Snap shot by Chase De Leo.
2:53 of 3rd period - Shot Misses the Net.
2:55 of 3rd period - Slapshot by Kevin Fiala.
2:55 of 3rd period - Shot Blocked by Michal Jordan.
4:17 of 3rd period - Icing by Jordan Greenway.
4:18 of 3rd period - Mitchell Heard wins face-off versus Keegan Iverson in Atomiques zone.
4:32 of 3rd period - Keegan Iverson is hit by Jake Virtanen and loses puck.
4:45 of 3rd period - Pontus Aberg is hit by Michael Latta and loses puck.
5:04 of 3rd period - Snap shot by Jerry D'Amigo.
5:04 of 3rd period - Deflect By Kerby Rychel.
5:04 of 3rd period - Goal by Kerby Rychel - Atomiques : 1 - Remparts : 1.
5:05 of 3rd period - Michael Latta wins face-off versus Chase De Leo in neutral zone.
5:20 of 3rd period - Snap shot by Jonathan Huberdeau.
5:20 of 3rd period - Shot Misses the Net.
5:56 of 3rd period - Matt Puempel is hit by Kevin Fiala and loses puck.
6:01 of 3rd period - Wrist shot by Kirill Kaprizov.
6:01 of 3rd period - Stopped by Igor Bobkov with a rebound.
6:19 of 3rd period - Wrist shot by Jonathan Huberdeau.
6:19 of 3rd period - Deflect By Cody Goloubef.
6:19 of 3rd period - Stopped by Alex Nedeljkovic with a rebound.
6:21 of 3rd period - Snap shot by Michael Latta.
6:21 of 3rd period - Shot Misses the Net.
6:23 of 3rd period - Slapshot by Niklas Hansson.
6:23 of 3rd period - Stopped by Alex Nedeljkovic with a rebound.
6:25 of 3rd period - Slapshot by Niklas Hansson.
6:25 of 3rd period - Shot Misses the Net.
6:27 of 3rd period - Slapshot by Tobias Rieder.
6:27 of 3rd period - Goal by Tobias Rieder - Atomiques : 1 - Remparts : 2.
6:28 of 3rd period - Michael Latta wins face-off versus Chase De Leo in neutral zone.
6:31 of 3rd period - Snap shot by Michal Jordan.
6:31 of 3rd period - Shot Blocked by Jeremy Lauzon.
6:41 of 3rd period - Wrist shot by Jonathan Huberdeau.
6:41 of 3rd period - Shot Misses the Net.
6:43 of 3rd period - Snap shot by Michael Latta.
6:43 of 3rd period - Stopped by Alex Nedeljkovic without a rebound.
6:44 of 3rd period - Quinton Howden wins face-off versus Dylan Strome in Atomiques zone.
6:45 of 3rd period - Snap shot by Kerby Rychel.
6:45 of 3rd period - Deflect By Quinton Howden.
6:45 of 3rd period - Shot Misses the Net.
6:45 of 3rd period - Puck is out of play.
6:46 of 3rd period - Dylan Strome wins face-off versus Jerry D'Amigo in Atomiques zone.
7:14 of 3rd period - Wrist shot by Jonathan Huberdeau.
7:14 of 3rd period - Stopped by Alex Nedeljkovic with a rebound.
7:32 of 3rd period - Wrist shot by Kyle Platzer.
7:32 of 3rd period - Stopped by Alex Nedeljkovic with a rebound.
7:36 of 3rd period - Snap shot by Michael McCarron.
7:36 of 3rd period - Stopped by Alex Nedeljkovic without a rebound.
7:37 of 3rd period - Dylan Strome wins face-off versus Michael McCarron in Atomiques zone.
7:44 of 3rd period - Oliver Kylington is hit by William Colbert and loses puck.
8:13 of 3rd period - Snap shot by Tobias Rieder.
8:13 of 3rd period - Shot Misses the Net.
8:15 of 3rd period - Slapshot by Niklas Hansson.
8:15 of 3rd period - Shot Blocked by Oliver Kylington.
9:10 of 3rd period - Minor Penalty to Dalton Smith for Roughing.
9:11 of 3rd period - Michael Latta wins face-off versus Pontus Aberg in Atomiques zone.
9:12 of 3rd period - Wrist shot by Jonathan Huberdeau.
9:12 of 3rd period - Stopped by Alex Nedeljkovic with a rebound.
9:14 of 3rd period - Wrist shot by Tobias Rieder.
9:14 of 3rd period - Stopped by Alex Nedeljkovic with a rebound.
9:16 of 3rd period - Wrist shot by Tobias Rieder.
9:16 of 3rd period - Stopped by Alex Nedeljkovic with a rebound.
9:18 of 3rd period - Snap shot by Michael Latta.
9:18 of 3rd period - Deflect By Pontus Aberg.
9:18 of 3rd period - Shot Misses the Net.
9:18 of 3rd period - Puck is out of play.
9:19 of 3rd period - Michael Latta wins face-off versus Pontus Aberg in Atomiques zone.
9:20 of 3rd period - Wrist shot by Jonathan Huberdeau.
9:20 of 3rd period - Deflect By Michael Latta.
9:20 of 3rd period - Shot Blocked by Pontus Aberg.
9:20 of 3rd period - Puck is out of play.
9:21 of 3rd period - Pontus Aberg wins face-off versus Michael Latta in Atomiques zone.
9:32 of 3rd period - Slapshot by Michael Latta.
9:32 of 3rd period - Shot Blocked by Jeremy Lauzon.
9:34 of 3rd period - Slapshot by William Colbert.
9:34 of 3rd period - Deflect By Michael Latta.
9:34 of 3rd period - Shot Misses the Net.
9:34 of 3rd period - Puck is out of play.
9:35 of 3rd period - Pontus Aberg wins face-off versus Michael Latta in Atomiques zone.
9:48 of 3rd period - Wrist shot by Jonathan Huberdeau.
9:48 of 3rd period - Shot Misses the Net.
9:50 of 3rd period - Wrist shot by Jonathan Huberdeau.
9:50 of 3rd period - Stopped by Alex Nedeljkovic without a rebound.
9:51 of 3rd period - Michael Latta wins face-off versus Pontus Aberg in Atomiques zone.
9:52 of 3rd period - Snap shot by Jonathan Huberdeau.
9:52 of 3rd period - Shot Blocked by Jeremy Lauzon.
11:10 of 3rd period - Penalty to Dalton Smith is over, Dalton Smith is back on ice.
11:13 of 3rd period - Michael McCarron is hit by Dalton Smith and loses puck.
11:25 of 3rd period - Wrist shot by Kyle Platzer.
11:25 of 3rd period - Shot Blocked by Jeremy Lauzon.
11:35 of 3rd period - Wrist shot by Matt Puempel.
11:35 of 3rd period - Shot Misses the Net.
11:41 of 3rd period - Jake Virtanen is hit by Kirill Kaprizov and loses puck.
12:03 of 3rd period - Kerby Rychel is hit by Max McCormick and loses puck.
12:20 of 3rd period - Snap shot by Tobias Rieder.
12:20 of 3rd period - Shot Misses the Net.
12:32 of 3rd period - Kyle Platzer is hit by Dalton Smith and loses puck.
12:47 of 3rd period - Slapshot by Michal Jordan.
12:47 of 3rd period - Deflect By Jerry D'Amigo.
12:47 of 3rd period - Shot Blocked by Cody Goloubef.
12:47 of 3rd period - Puck is out of play.
12:48 of 3rd period - Keegan Iverson wins face-off versus Quinton Howden in Atomiques zone.
12:53 of 3rd period - Niklas Hansson is hit by Cody Goloubef and loses puck.
13:32 of 3rd period - Oliver Kylington is hit by Mitchell Heard and loses puck.
13:37 of 3rd period - Slapshot by Aaron Ekblad.
13:37 of 3rd period - Shot Blocked by Christian Fischer.
13:39 of 3rd period - Snap shot by Matt Puempel.
13:39 of 3rd period - Shot Misses the Net.
13:41 of 3rd period - Snap shot by Matt Puempel.
13:41 of 3rd period - Shot Misses the Net.
13:50 of 3rd period - Off-side.
13:51 of 3rd period - Axel Holmstrom wins face-off versus Kyle Platzer in neutral zone.
14:04 of 3rd period - Slapshot by Kirill Kaprizov.
14:04 of 3rd period - Shot Blocked by Aaron Ekblad.
14:06 of 3rd period - Slapshot by Brendan Guhle.
14:06 of 3rd period - Shot Blocked by Michal Jordan.
14:25 of 3rd period - Snap shot by Dylan Strome.
14:25 of 3rd period - Deflect By Dalton Smith.
14:25 of 3rd period - Shot Blocked by Viktor Baldayev.
14:25 of 3rd period - Puck is out of play.
14:26 of 3rd period - Chase De Leo wins face-off versus Michael Latta in Remparts zone.
14:29 of 3rd period - Snap shot by William Nylander.
14:29 of 3rd period - Shot Blocked by John Draeger.
14:31 of 3rd period - Slapshot by Brendan Guhle.
14:31 of 3rd period - Shot Misses the Net.
14:36 of 3rd period - Off-side.
14:37 of 3rd period - Chase De Leo wins face-off versus Michael Latta in neutral zone.
14:40 of 3rd period - Jonathan Huberdeau is hit by William Nylander.
14:48 of 3rd period - Slapshot by Pontus Aberg.
14:48 of 3rd period - Stopped by Igor Bobkov with a rebound.
14:50 of 3rd period - Wrist shot by Chase De Leo.
14:50 of 3rd period - Goal by Chase De Leo - Atomiques : 2 - Remparts : 2.
14:51 of 3rd period - Jonathan Huberdeau wins face-off versus Chase De Leo in neutral zone.
15:16 of 3rd period - Mitchell Heard is hit by Axel Holmstrom and loses puck.
15:46 of 3rd period - Slapshot by Dalton Smith.
15:46 of 3rd period - Stopped by Igor Bobkov with a rebound.
15:57 of 3rd period - Minor Penalty to Viktor Baldayev for Slashing.
15:58 of 3rd period - Chase De Leo wins face-off versus Michael Latta in Remparts zone.
17:42 of 3rd period - Chase De Leo is hit by Niklas Hansson and loses puck.
17:57 of 3rd period - Penalty to Viktor Baldayev is over, Viktor Baldayev is back on ice.
18:10 of 3rd period - Icing by Kirill Kaprizov.
18:11 of 3rd period - Mitchell Heard wins face-off versus Keegan Iverson in Atomiques zone.
18:36 of 3rd period - Dylan Strome is hit by Quinton Howden.
19:13 of 3rd period - Snap shot by Nicolas Aube-Kubel.
19:13 of 3rd period - Stopped by Igor Bobkov with a rebound.
19:15 of 3rd period - Wrist shot by Kirill Kaprizov.
19:15 of 3rd period - Stopped by Igor Bobkov with a rebound.
19:17 of 3rd period - Slapshot by Nicolas Aube-Kubel.
19:17 of 3rd period - Stopped by Igor Bobkov with a rebound.
19:19 of 3rd period - Wrist shot by Kirill Kaprizov.
19:19 of 3rd period - Shot Misses the Net.
19:23 of 3rd period - Snap shot by Nicolas Aube-Kubel.
19:23 of 3rd period - Stopped by Igor Bobkov without a rebound.
19:24 of 3rd period - Tobias Rieder wins face-off versus Pontus Aberg in Remparts zone.
19:47 of 3rd period - Pontus Aberg is hit by Jonathan Huberdeau.
Goals for this period are 1 for Atomiques vs 2 for Remparts.
Shots for this period are 10 for Atomiques vs 13 for Remparts.
Overtime #1
0:01 of 1st overtime period - Pontus Aberg wins face-off versus Michael Latta in neutral zone.
0:27 of 1st overtime period - Cody Goloubef is hit by Michael Latta and loses puck.
0:48 of 1st overtime period - Wrist shot by Tobias Rieder.
0:48 of 1st overtime period - Stopped by Alex Nedeljkovic without a rebound.
0:49 of 1st overtime period - Quinton Howden wins face-off versus Pontus Aberg in Atomiques zone.
0:57 of 1st overtime period - Icing by William Nylander.
0:58 of 1st overtime period - Michael Latta wins face-off versus Pontus Aberg in Atomiques zone.
1:01 of 1st overtime period - Wrist shot by Michael Latta.
1:01 of 1st overtime period - Goal by Michael Latta - Atomiques : 2 - Remparts : 3.
Goals for this period are 0 for Atomiques vs 1 for Remparts.
Shots for this period are 0 for Atomiques vs 2 for Remparts.
Output by the SimonT Hockey Simulator (STHS) for Francois Prevost